 Dungeon Crawl Stone Soup version 0.31-a0-102-g33a4ccc0cb (webtiles) character file.

Game seed: 11396322347841453798

5311 dracfodder the Geomancer (level 10, -8/51 HPs)
             Began as a Gargoyle Earth Elementalist on May 26, 2023.
             Was a Believer of Vehumet.
             Engulfed by osoart's ghost's flame (22 damage)
             ... on level 8 of the Dungeon.
             The game lasted 00:59:10 (8824 turns).

dracfodder the Geomancer (GrEE)                     Turns: 8824, Time: 00:59:12

Health: -8/51      AC: 19    Str: 12    XL:     10   Next: 64%
Magic:  18/22      EV: 11    Int: 20    God:    Vehumet [**....]
Gold:   315        SH:  0    Dex: 10    Spells: 15/26 levels left

rFire   . . .        i - +2 falchion (holy)
rCold   + . .        (no shield)
rNeg    + . .        o - +0 troll leather armour {Pargi}
rPois   ∞            c - +2 hat
rElec   +            l - +0 cloak
rCorr   .            w - +0 pair of gloves
SInv    .            k - +2 pair of boots
Will    .....        (no amulet)
Stlth   ++           d - ring of protection from cold
HPRegen 1.08/turn    (no ring)
MPRegen 0.18/turn

%: no passive effects
@: no status effects
A: sickness immunity, AC +7, negative energy resistance 1, electricity
resistance, torment resistance 1, petrification resistance
a: Renounce Religion


You were on level 8 of the Dungeon.
You worshipped Vehumet.
Vehumet was pleased with you.
You visited 2 branches of the dungeon, and saw 9 of its levels.

You collected 455 gold pieces.
You spent 140 gold pieces at shops.

Inventory:

Hand Weapons
 f - a +0 short sword of venom
 i - a +2 falchion of holy wrath (weapon)
 n - a +5 short sword of electrocution
 y - a +0 short sword of flaming
Missiles
 D - a throwing net
Armour
 a - a +0 robe
 c - a +2 hat (worn)
 k - a +2 pair of boots (worn)
 l - a +0 cloak (worn)
 o - a +0 troll leather armour (worn) {Pargi}
 w - a +0 pair of gloves (worn)
Magical Staves
 j - a staff of earth
Jewellery
 d - a ring of protection from cold (left hand)
 H - a +6 ring of dexterity
Wands
 p - a wand of flame (60)
 v - a wand of digging (13)
 G - a wand of paralysis (15)
Scrolls
 e - 8 scrolls of teleportation
 m - 3 scrolls of magic mapping
 r - a scroll of blinking
 s - 3 scrolls of brand weapon
 u - a scroll of identify
 A - 2 scrolls of amnesia
 B - 2 scrolls of fear {unknown}
Potions
 b - a potion of magic
 g - 4 potions of might
 q - 3 potions of lignification {unknown}
 t - a potion of brilliance {unknown}
 x - 4 potions of heal wounds {unknown}
 z - a potion of resistance {unknown}
 C - 2 potions of degeneration {unknown}
 E - a potion of invisibility {unknown}
 F - 2 potions of mutation {unknown}


   Skills:
 + Level 0.9 Fighting
 + Level 0.6 Short Blades
 + Level 0.2 Staves
 + Level 3.0 Armour
 + Level 2.3 Dodging
 + Level 3.7 Stealth
 + Level 8.9 Spellcasting
 + Level 5.9 Conjurations
 + Level 0.7 Transmutations
 + Level 2.1 Air Magic
 + Level 10.9 Earth Magic
 + Level 3.0 Evocations


You had 15 spell levels left.
You knew the following spells:

 Your Spells              Type           Power      Damage    Failure   Level
a - Sandblast             Erth           100%       2d20      1%          1
b - Passwall              Tmut/Erth      22%        N/A       2%          2
c - Stone Arrow           Conj/Erth      76%        3d11      1%          3
d - Petrify               Tmut/Erth      27%        N/A       14%         4
e - Shock                 Conj/Air       80%        1d8       3%          1

Your spell library contained the following spells:

 Spells                   Type           Power      Damage    Failure   Level
 Static Discharge         Conj/Air       40%        2-4/arc   4%          2
 Magic Dart               Conj           100%       1d8       1%          1
 Apportation              Tloc           16%        N/A       10%         1
 Necrotise                Necr           32%        1d5       10%         1
 Summon Small Mammal      Summ           32%        N/A       10%         1
 Swiftness                Air            17%        N/A       12%         3
 Call Imp                 Summ           16%        N/A       16%         2
 Lesser Beckoning         Tloc           16%        N/A       16%         2
 Mephitic Cloud           Conj/Pois/Air  13%        N/A       19%         3
 Gell's Gravitas          Tloc           8%         N/A       30%         3
 Teleport Other           Tloc           8%         N/A       30%         3
 Tukima's Dance           Hex            8%         N/A       30%         3
 Airstrike                Air            8%         2d(2-18)  38%         4
 Passage of Golubria      Tloc           8%         N/A       69%         4
 Yara's Violent Unravell  Hex/Tmut       2%         3d3       98%         5


Dungeon Overview and Level Annotations

Branches:
Dungeon (8/15)             Temple (1/1) D:5
   Lair: D:8-11

Altars:
Cheibriados
Dithmenos
Fedhas
Gozag
Hepliaklqana
Kikubaaqudgha
Makhleb
Nemelex Xobeh
Okawaru
Ru
Trog
Vehumet
Wu Jian
Yredelemnul
The Shining One

Shops:
D:3 =:[[   D:8 (

Annotations:
D:4 3 runed translucent doors, bakla's ghost, amateur MeFi
D:8 osoart's ghost, novice DrVM


Innate Abilities, Weirdness & Mutations

You are immune to sickness and miasma.
Your stone body is resilient. (AC +7)
You are immune to poison.
You resist negative energy. (rN+)
You are resistant to electric shocks. (rElec)
You are resistant to unholy torment.
You are immune to petrification.


Message History

The sting misses you.
Osoart's ghost is engulfed in blazing flames.
Osoart's ghost casts a spell at you.
The ball explodes into a vile cloud!
The stinking cloud engulfs you but does no damage.
The stinking cloud engulfs osoart's ghost but does no damage.
You feel better.
Osoart's ghost hits you but does no damage.
You feel better. Osoart's ghost barely misses you.
You barely miss osoart's ghost.
Osoart's ghost is heavily damaged.
Osoart's ghost is engulfed in blazing flames.
Osoart's ghost casts a spell.
Osoart's ghost ignites the poison in its surroundings!
You hit osoart's ghost but do no damage.
Osoart's ghost is severely damaged.
You are engulfed in blazing flames.
* * * LOW HITPOINT WARNING * * *
Osoart's ghost barely misses you.
You hit osoart's ghost but do no damage.
Osoart's ghost is severely damaged.
You are engulfed in blazing flames.
* * * LOW HITPOINT WARNING * * *
Osoart's ghost barely misses you.
You feel better.
You are engulfed in blazing flames.
* * * LOW HITPOINT WARNING * * *
Osoart's ghost grins evilly.
Osoart's ghost hits you but does no damage.
You feel better.
You are engulfed in blazing flames.
* * * LOW HITPOINT WARNING * * *
Osoart's ghost hits you but does no damage.
Casting: Sandblast (safe; 1% risk of failure)
Confirm with . or Enter, or press ? or * to list all spells.
Aiming: Stone Arrow (safe; 1% risk of failure)
Press: ? - help, Shift-Dir - straight line, f/p - osoart's ghost
Aim: osoart's ghost, wielding a weapon of protection (heavily damaged, 54% to hit)
The stone arrow hits osoart's ghost!
Osoart's ghost is severely damaged.
You are engulfed in blazing flames.
You die...

...>......###..#.##+'+.#.........
.......#.......#...'∩+.#####.#.##
.............#.##).+'+## #.#.##
.##....#....##.....#..# #.#.#
.##....#....#####....## #...#
.#.....##.....####...# ##..###
.#.........#.........######.....#
.......#.#......###....#....###.#
..######...<#.#☼@WW.##...######.#
.#######....#..###..##.#........#
.).............###.............)#
..).....##..#....#..............#
.....##.###.#..........#.........
.....##..##.####...##'##.........
......##.).........#§§§#.........
..†.#...###........#§§§#...#...#.
#.#####.##.........# #...###...


You could see a wraith and osoart's ghost.

Vanquished Creatures
  A two-headed ogre (D:6)
  A troll (D:8)
  Grinder (D:5)
  Edmund (D:4)
  Duvessa (D:4)
  A water moccasin (D:5)
  Pargi (D:3)
  3 sky beasts
  5 orc warriors
  2 ice beasts (D:5)
  A black bear (D:6)
  An ogre (D:4)
  2 phantoms
  3 centaurs
  Blork the orc (D:5)
  4 bullfrogs
  A kobold brigand (D:7)
  A gnoll sergeant (D:7)
  4 scorpions
  Dowan (D:4)
  8 killer bees
  2 howler monkeys (D:7)
  5 orc priests
  9 hounds
  2 jellies (D:5)
  A sleepcap (D:5)
  Jessica (D:2)
  3 iguanas
  Natasha (thrice) (D:2)
  5 orc wizards
  Robin (D:4)
  12 gnolls
  8 adders
  A white imp (D:6)
  An ufetubus (D:5)
  A worm (D:5)
  2 dart slugs
  32 orcs
  9 endoplasms
  7 giant cockroaches
  17 goblins
  13 hobgoblins
  6 jackals
  2 quokkas
  9 ball pythons
  7 bats
  6 frilled lizards
  14 kobolds
  3 rats
226 creatures vanquished.

Vanquished Creatures (collateral kills)
  A water moccasin (D:7)
1 creature vanquished.

Grand Total: 227 creatures vanquished

Notes
Turn   | Place    | Note
-------+----------+-------------------------------------------
     0 | D:1      | dracfodder the Gargoyle Earth Elementalist began the quest
                  | for the Orb.
     0 | D:1      | Reached XP level 1. HP: 10/10 MP: 3/3
   115 | D:1      | Reached XP level 2. HP: 14/15 MP: 1/5
   224 | D:1      | Learned a level 2 spell: Passwall
   317 | D:1      | Reached skill level 4 in Earth Magic
   481 | D:1      | Found a faded altar of an unknown god.
   546 | D:1      | Reached XP level 3. HP: 19/19 MP: 4/6
   550 | D:1      | Learned a level 3 spell: Stone Arrow
  1128 | D:2      | Noticed Natasha
  1130 | D:2      | Killed Natasha
  1131 | D:2      | Reached XP level 4. HP: 24/24 MP: 4/8
  1413 | D:2      | Noticed Natasha
  1416 | D:2      | Killed Natasha
  1709 | D:2      | Noticed Natasha
  1711 | D:2      | Killed Natasha
  1712 | D:2      | Reached skill level 1 in Conjurations
  1712 | D:2      | Reached XP level 5. HP: 28/28 MP: 8/10
  1837 | D:2      | Noticed Jessica
  1838 | D:2      | Killed Jessica
  1839 | D:2      | Reached skill level 5 in Earth Magic
  2301 | D:3      | Found Weitemat's Jewellery Boutique.
  2311 | D:3      | Noticed Pargi
  2316 | D:3      | Killed Pargi
  2317 | D:3      | Reached XP level 6. HP: 29/32 MP: 6/11
  2378 | D:3      | Reached skill level 1 in Evocations
  2507 | D:3      | Found Iliol's Antique Armour Boutique.
  2579 | D:3      | Bought a runed hat for 140 gold pieces
  2914 | D:3      | Found Golosch's Antique Armour Shop.
  3044 | D:3      | Found Rijaber's Book Emporium.
  3326 | D:4      | Reached XP level 7. HP: 36/36 MP: 9/13
  3331 | D:4      | Learned a level 4 spell: Petrify
  3338 | D:4      | Found a runed translucent gate.
  3339 | D:4      | Found a runed translucent gate.
  3339 | D:4      | Noticed bakla's ghost (amateur MeFi)
  3340 | D:4      | Found a runed translucent gate.
  3386 | D:4      | Noticed Dowan
  3389 | D:4      | Noticed Duvessa
  3390 | D:4      | Killed Dowan
  3398 | D:4      | Killed Duvessa
  3399 | D:4      | Reached skill level 6 in Earth Magic
  3844 | D:4      | Noticed Robin
  3845 | D:4      | Killed Robin
  3956 | D:4      | Found an iron altar of Okawaru.
  4021 | D:4      | Noticed Edmund
  4029 | D:4      | Killed Edmund
  4030 | D:4      | Reached skill level 1 in Armour
  4108 | D:4      | Reached skill level 5 in Spellcasting
  4341 | D:5      | Entered Level 5 of the Dungeon
  4341 | D:5      | Noticed Blork the orc
  4382 | D:5      | Reached XP level 8. HP: 42/42 MP: 12/15
  4389 | D:5      | Learned a level 1 spell: Shock
  4546 | D:5      | Noticed Grinder
  4560 | D:5      | Killed Grinder
  4741 | D:5      | Killed Blork the orc
  4742 | D:5      | Reached skill level 7 in Earth Magic
  5365 | D:5      | Reached XP level 9. HP: 46/46 MP: 13/18
  5366 | D:5      | Reached skill level 8 in Earth Magic
  5729 | D:5      | Found a staircase to the Ecumenical Temple.
  5735 | Temple   | Entered the Ecumenical Temple
  5743 | Temple   | Became a worshipper of Vehumet
  5786 | D:6      | Noticed a two-headed ogre
  5796 | D:6      | Killed a two-headed ogre
  5797 | D:6      | Reached skill level 5 in Conjurations
  5797 | D:6      | Reached skill level 9 in Earth Magic
  6028 | D:6      | Reached skill level 1 in Air Magic
  6673 | D:6      | Reached XP level 10. HP: 51/51 MP: 13/21
  6932 | D:6      | Reached * piety under Vehumet
  6932 | D:6      | Offered knowledge of Freeze by Vehumet.
  7163 | D:7      | Reached skill level 10 in Earth Magic
  7893 | D:7      | Reached ** piety under Vehumet
  7893 | D:7      | Offered knowledge of Static Discharge by Vehumet.
  8258 | D:8      | Found a runed translucent door.
  8259 | D:8      | Noticed osoart's ghost (novice DrVM)
  8311 | D:8      | Found Ceabladad's Weapon Boutique.
  8456 | D:8      | Identified the +11 mace "Yworosan" {antimagic, *Noise
                  | +Blink Int+4 Stlth+}
  8627 | D:8      | Found a hazy altar of Hepliaklqana.
  8642 | D:8      | Found a sacrificial altar of Ru.
  8821 | D:8      | HP: 2/51 [osoart's ghost] (10)]
  8824 | D:8      | Engulfed by osoart's ghost's flame

Illustrated notes

Levels and vault maps discovered:
D:1:      elethiomel_arrival_infinity_welcomes_careful_drivers, layout_basic,
          ebering_ecumenical_altar_box, kennysheep_another_room,
          minmay_pentomino_u2
D:2:      layout_basic, st_stairs_10, uniq_natasha, uniq_jessica
D:3:      layout_loops_ring, serial_shops, nicolae_shop_rolling_square, shop,
          shop, shop, uniq_pargi
D:4:      layout_basic, mainiacjoe_overflow_24_doors, gammafunk_ghost_split,
          uniq_edmund, uniq_duvessa, uniq_robin
D:5:      minmay_bubble_buster, layout_rooms, minmay_temple_entry_fiery,
          grunt_decor_one_mirror, uniq_grinder, uniq_blork_the_orc
D:6:      kennysheep_spiral_hall, layout_basic, grunt_decor_arrowhead
D:7:      layout_loops_ring
D:8:      layout_rooms, mainiacjoe_overflow_swirl, serial_shops,
          nicolae_shop_tiny_real_fake_doors, ebering_ghost_inner_flame
Temple:   nicolae_temple_no_exploring_needed

Skill      XL: |  1  2  3  4  5  6  7  8  9 10 |
---------------+-------------------------------+-----
Earth Magic    | 4 5 6 7 9 10 | 10.9
Spellcasting   | 3 4 5 6 7 8 |  8.9
Conjurations   | 1 2 3 4 5 |  5.9
Dodging        | 2 |  2.3
Evocations     | 1 2 3 |  3.0
Stealth        | 3 |  3.7
Armour         | 1 2 3 |  3.0
Air Magic      | 1 2 |  2.1
Fighting       | |  0.9
Short Blades   | |  0.6
Staves         | |  0.2
Transmutations | |  0.7

Action                     |  1- 3 |  4- 6 |  7- 9 | 10-12 || total
---------------------------+-------+-------+-------+-------++-------
  Melee: Dagger            |    22 |       |       |       ||    22
         Staff             |       |    17 |       |    31 ||    48
         Punch             |       |     1 |       |     2 ||     3
         Falchion          |       |       |       |    24 ||    24
   Cast: Sandblast         |    31 |    87 |   104 |    73 ||   295
         Passwall          |       |     1 |       |       ||     1
         Stone Arrow       |       |       |    22 |    18 ||    40
         Shock             |       |       |    38 |    35 ||    73
  Evoke: Wand              |       |       |    13 |       ||    13
    Use: Scroll            |     4 |     6 |     1 |     1 ||    12
         Potion            |       |       |       |     4 ||     4
 Armour: Robe              |     5 |    10 |       |       ||    15
         Troll leather arm |       |    11 |    26 |    54 ||    91
  Dodge: Dodged            |    22 |    23 |    35 |    53 ||   133

Table legend: (Time is in decaauts)
 A = Elapsed time spent in this place.
 B = Non-inter-level travel time spent in this place.
 C = Inter-level travel time spent in this place.
 D = Time resting spent in this place.
 E = Time spent auto-exploring this place.
 F = Levels seen in this place.
 G = Mean time per level.
                   A        B        C        D        E       F      G
               +--------+--------+--------+--------+--------+-----+--------+
         Total |   8981 |   8789 |    192 |   1736 |   5466 |   9 |  997.9 |
       Dungeon |   8965 |   8773 |    192 |   1736 |   5466 |   8 | 1120.6 |
        Temple |     16 |     16 |      0 |      0 |      0 |   1 |   16.0 |
               +--------+--------+--------+--------+--------+-----+--------+

Top non-repeatable levels by time:
     D:5: 1508 daAuts
     D:2: 1273 daAuts
     D:6: 1223 daAuts
     D:4: 1219 daAuts
     D:7: 1109 daAuts
     D:1: 1061 daAuts
     D:3: 889 daAuts
     D:8: 680 daAuts
  Temple: 16 daAuts
